 Dungeon Crawl Stone Soup version 0.21-a0-150-gc243083 (webtiles) character file.

2256 drasked the Grappler (level 9, 0/88 HPs)
             Began as a Troll Fighter on July 28, 2017.
             Slain by a deep elf mage
             ... wielding a +0 short sword
              (3 damage)
             ... on level 7 of the Dungeon.
             The game lasted 00:10:04 (4656 turns).

drasked the Grappler (Troll Fighter)                Turns: 4656, Time: 00:10:05

Health: 0/88       AC:  5    Str: 29    XL:     9   Next: 15%
Magic:  8/8        EV:  8    Int:  4    God:
Gold:   222        SH: 10    Dex:  9    Spells: 8/8 levels left

rFire    . . .     SeeInvis .     - Unarmed
rCold    . . .     Gourm    +   b - +0 shield
rNeg     . . .     Faith    .   a - +0 robe
rPois    .         Spirit   .   (helmet restricted)
rElec    .         Reflect  .   (no cloak)
rCorr    .         Harm     .   (gloves unavailable)
MR       .....                  (boots unavailable)
Stlth    +.........             (no amulet)
HPRegen  0.64/turn              t - ring of wizardry {Wiz+, !d}
MPRegen  0.11/turn              (no ring)

@: heavily drained
A: unfitting armour, claws 3, fast metabolism 3, gourmand, regeneration 1,
shaggy fur 1, tough skin 2
a: no special abilities


You were on level 7 of the Dungeon.
You were completely stuffed.

You visited 1 branch of the dungeon, and saw 7 of its levels.

You collected 222 gold pieces.

Inventory:

Armour
 a - a +0 robe (worn)
 b - a +0 shield (worn)
Jewellery
 t - a ring of wizardry (left claw) {Wiz+, !d}
   (You found it on level 3 of the Dungeon)
Wands
 r - a wand of disintegration (14/24)
   (You took it off Ijyb on level 3 of the Dungeon)
 s - a wand of flame (13/48)
   (You found it on level 3 of the Dungeon)
 x - a wand of confusion (11/48)
   (You found it on level 3 of the Dungeon)
 z - a wand of lightning (8/15)
   (You found it on level 5 of the Dungeon)
Scrolls
 e - 4 scrolls of immolation {!r}
 f - 2 scrolls of enchant weapon {unknown}
 g - 10 scrolls of identify
 h - a scroll of teleportation {unknown}
 j - 3 scrolls of amnesia {unknown}
 k - 2 scrolls of fear {unknown}
 l - 2 scrolls of noise {unknown}
 m - 2 scrolls of recharging {unknown}
 o - 2 scrolls of remove curse
 q - a scroll of magic mapping {unknown}
 A - a scroll of fog {unknown}
Potions
 c - 2 potions of might
 i - 7 potions of curing {unknown}
 p - 2 potions of cancellation {unknown}
 u - 2 potions of ambrosia {unknown}
 w - a potion of haste
 B - a potion of lignification {unknown}
 E - a potion of resistance {unknown}
Comestibles
 d - 3 bread rations {@e1}
 n - 3 meat rations {@e2}
 v - 2 royal jellies
 C - a chunk of flesh {@w0}
 D - 3 fruits


   Skills:
 + Level 5.4(4.0) Fighting
 - Level 2.4(1.1) Dodging
 + Level 5.6(4.3) Shields
 * Level 9.0(7.5) Unarmed Combat


You had 8 spell levels left.
You didn't know any spells.

Dungeon Overview and Level Annotations

Branches:
Dungeon (7/15)
 Temple: D:4-7

Altars:
Hepliaklqana
Nemelex Xobeh
Sif Muna
Zin


Innate Abilities, Weirdness & Mutations

You are too large for most types of armour.
You have claws for hands.
Your metabolism is lightning-fast.
You like to eat raw meat.
Your natural rate of healing is unusually fast.
You are covered in fur. (AC +1)
You have very tough skin. (AC +2)


Message History

You claw the leopard gecko!
You kill the leopard gecko!
The centaur wields a shortbow.
The centaur shoots an arrow.
The arrow barely misses you.
You see here a leopard gecko corpse.
The centaur unwields an uncursed shortbow.
You block the centaur's attack.
The centaur hits you but does no damage.
You claw the centaur! You block the centaur's attack.
You claw the centaur!
You kill the centaur!
Your Unarmed Combat skill increases to level 9!
No target in view!
No target in view!
Things that are here:
an uncursed shortbow; 22 arrows There isn't anything to butcher here.
You see here a leopard gecko corpse.
You butcher the leopard gecko corpse.
C - a chunk of flesh {@w0} Eating a chunk of flesh {@w0}.
You eat the chunk of flesh {@w0}.
This raw flesh tastes great.
You see here 23 arrows.
There is a stone staircase leading down here.
Items here: ))) [[[ an enchanted dagger; a robe; a dire flail; a chain mail; a dagger; a robe Done exploring.
Done exploring.
Done exploring.
Done exploring.
Done exploring.
Done exploring.
Done exploring.
Done exploring.
Done exploring.
Done exploring.
No target in view!
No target in view!
Done exploring.
A worker ant comes into view.
The worker ant twitches its antennae in your direction.
You closely miss the worker ant. You block the worker ant's attack.
You mangle the worker ant!!
You kill the worker ant!
No target in view!
No target in view!
You see here a worker ant corpse.
You butcher the worker ant corpse.
C - 3 chunks of flesh {@w0}
There is a stone staircase leading down here.
You climb downwards.
There is a stone staircase leading up here.
Eating one of 3 chunks of flesh {@w0}.
You eat one of the 3 chunks of flesh {@w0}.
This raw flesh tastes great.
Found a granite statue.
m - 2 scrolls labeled QISECK QYST (gained 1)
D - 3 fruits Eating one of 2 chunks of flesh {@w0}.
You eat one of the 2 chunks of flesh {@w0}.
This raw flesh tastes great.
E - a golden potion
c - 2 potions of might (gained 1)
You open the gate.
A deep elf mage comes into view. It is wielding a short sword.
The deep elf mage shouts!
There is an open gate here.
You closely miss the deep elf mage. You scratch the deep elf mage.
The deep elf mage gestures at you while chanting.
The bolt of negative energy hits you!
You feel drained.
You take 23 damage, and have 65/88 hp.
MASSIVE DAMAGE!!
You scratch the deep elf mage. You block the deep elf mage's attack.
You mangle the deep elf mage!!
The deep elf mage gestures wildly while chanting.
You barely miss the deep elf mage. You block the deep elf mage's attack.
You claw the deep elf mage! The hell rat bites you!
You feel drained.
The deep elf mage hits you but does no damage.
You take 19 damage, and have 48/88 hp.
MASSIVE DAMAGE!!
You closely miss the deep elf mage. The hell rat bites you!
You feel drained. The demonic crawler hits you!
* * * LOW HITPOINT WARNING * * *
You block the demonic crawler's attack. The demonic crawler hits you.
* * * LOW HITPOINT WARNING * * *
The deep elf mage mumbles some strange words.
The hell rat bites you!
* * * LOW HITPOINT WARNING * * *
You take 37 damage, and have 11/88 hp.
MASSIVE DAMAGE!!
You closely miss the deep elf mage. The demonic crawler hits you!
* * * LOW HITPOINT WARNING * * *
The demonic crawler barely misses you.
The demonic crawler hits you but does no damage.
The deep elf mage hits you with a short sword.
You die...

#.#..##.......#
#.#..##.......####.
#<#................
#.#...###########..
#.#..........
#.#..........
#.##..8######+++#
#.##........'.s:#
#.##.......r@es.#
#...........'s..#
####..8######+++#
#....... #.......
#..##### ##.. ####


You could see a demonic crawler, a deep elf mage, a tarantella, a redback and a
hell rat.

Vanquished Creatures
  Pikel (D:6)
  A hippogriff (D:4)
  Duvessa (D:5)
  An orc warrior (D:6)
  A slave (D:6)
  A black bear (D:6)
  An ice beast (D:5)
  2 ogres
  A centaur (D:6)
  Dowan (D:5)
  4 crimson imps
  A bullfrog zombie (D:5)
  2 centaur skeletons
  A jelly (D:4)
  3 orc priests
  2 hounds
  2 iguanas (D:4)
  4 orc wizards
  5 worker ants
  Ijyb (D:3)
  4 gnolls (D:6)
  6 adders
  2 oozes
  An adder skeleton (D:4)
  5 worms
  3 dart slugs
  2 leopard geckos
  9 orcs
  9 bats
  6 giant cockroaches
  14 goblins
  12 hobgoblins
  9 jackals
  7 kobolds
  3 quokkas
  3 ball pythons
  4 frilled lizards
  A quokka skeleton (D:4)
  6 rats
142 creatures vanquished.

Vanquished Creatures (others)
  A leopard gecko zombie (D:6)
1 creature vanquished.

Grand Total: 143 creatures vanquished

Notes
Turn   | Place    | Note
-------+----------+-------------------------------------------
     0 | D:1      | drasked the Troll Fighter began the quest for the Orb.
     0 | D:1      | Reached XP level 1. HP: 22/22 MP: 0/0
    69 | D:1      | Reached XP level 2. HP: 29/29 MP: 1/1
   284 | D:1      | Reached XP level 3. HP: 36/36 MP: 2/2
   446 | D:1      | Reached skill level 3 in Unarmed Combat
   688 | D:2      | Found a faded altar of an unknown god.
   717 | D:2      | Reached skill level 3 in Shields
   772 | D:2      | Found a sparkling altar of Nemelex Xobeh.
   779 | D:2      | Found a glowing silver altar of Zin.
   816 | D:2      | Found a hazy altar of Hepliaklqana.
   819 | D:2      | Found a deep blue altar of Sif Muna.
   860 | D:2      | Reached XP level 4. HP: 42/44 MP: 3/3
  1229 | D:3      | Reached skill level 4 in Unarmed Combat
  1229 | D:3      | Reached XP level 5. HP: 51/52 MP: 4/4
  1387 | D:3      | Noticed Ijyb
  1401 | D:3      | Killed Ijyb
  1401 | D:3      | Reached skill level 3 in Fighting
  1758 | D:3      | Reached XP level 6. HP: 61/61 MP: 5/5
  2083 | D:4      | Reached skill level 5 in Unarmed Combat
  2231 | D:4      | Noticed a hippogriff
  2240 | D:4      | Killed a hippogriff
  2240 | D:4      | Reached skill level 4 in Shields
  2240 | D:4      | Reached XP level 7. HP: 29/68 MP: 6/6
  2315 | D:4      | Reached skill level 6 in Unarmed Combat
  2994 | D:4      | Reached skill level 4 in Fighting
  3008 | D:5      | Entered Level 5 of the Dungeon
  3303 | D:5      | Reached skill level 7 in Unarmed Combat
  3328 | D:5      | Reached XP level 8. HP: 58/79 MP: 7/7
  3753 | D:5      | Noticed Duvessa
  3753 | D:5      | Noticed Dowan
  3760 | D:5      | Killed Duvessa
  3765 | D:5      | Killed Dowan
  3836 | D:5      | Lost intelligence.
  3881 | D:6      | Reached skill level 5 in Shields
  4013 | D:6      | Noticed Pikel
  4031 | D:6      | Killed Pikel
  4031 | D:6      | Reached skill level 5 in Fighting
  4031 | D:6      | Reached skill level 8 in Unarmed Combat
  4331 | D:6      | Reached XP level 9. HP: 54/88 MP: 8/8
  4423 | D:6      | Reached skill level 9 in Unarmed Combat
  4647 | D:7      | Noticed a deep elf mage
  4653 | D:7      | Noticed a demonic crawler
  4655 | D:7      | HP: 21/88 [demonic crawler[a deep elf mage] (5)]
  4656 | D:7      | HP: 3/88 [demonic crawler[a deep elf mage] (8)]
  4656 | D:7      | Slain by a deep elf mage

Vault maps used:
D:1:      ncdulo_watergridlock
D:2:      grunt_temple_overflow_cloverleaf,
          chequers_ecumenical_altar_simple_redux, minmay_pentomino_s2
D:3:      kennysheep_goblin_castle, kennysheep_nondescript
D:4:      first_bread, grunt_ministairs_5
D:5:      uniq_duvessa
D:6:      hangedman_abyss_or_decor_lesser_grid, uniq_pikel
D:7:      lemuel_temple_firewalk_a, grunt_livestock, guppyfry_early_elven_hall

Skill      XL: |  1  2  3  4  5  6  7  8  9 |
---------------+----------------------------+-----
Unarmed Combat | 3 4 5 7 8 9 |  9.0
Shields        | 3 4 5 |  5.6
Fighting       | 3 4 5 |  5.4
Dodging        | |  2.4

Action                   |  1- 3 |  4- 6 |  7- 9 || total
-------------------------+-------+-------+-------++-------
Melee: Unarmed           |    88 |   171 |   189 ||   448
  Use: Scroll            |       |       |     3 ||     3
 Stab: Sleeping          |       |       |     1 ||     1
  Eat: Chunk             |    12 |    13 |    24 ||    49
Armor: Robe              |    26 |    45 |    29 ||   100
Dodge: Dodged            |    23 |    35 |    43 ||   101
Block: Shield            |    34 |    80 |    80 ||   194

Vault maps used:
D:1:      ncdulo_watergridlock
D:2:      grunt_temple_overflow_cloverleaf,
          chequers_ecumenical_altar_simple_redux, minmay_pentomino_s2
D:3:      kennysheep_goblin_castle, kennysheep_nondescript
D:4:      first_bread, grunt_ministairs_5
D:5:      uniq_duvessa
D:6:      hangedman_abyss_or_decor_lesser_grid, uniq_pikel
D:7:      lemuel_temple_firewalk_a, grunt_livestock, guppyfry_early_elven_hall

Table legend:
 A = Turns spent in this place as a percentage of turns spent in the entire game.
 B = Non-inter-level travel turns spent in this place as a percentage of non-inter-level travel turns spent in the entire game.
 C = Inter-level travel turns spent in this place as a percentage of turns spent in this place.
 D = Turns resting spent in this place as a percentage of non-inter-level travel turns spent in this place.
 E = Turns spent auto-exploring this place as a percentage of non-inter-level travel turns spent in this place.
 F = Non-inter-level travel turns spent in this place divided by the number of levels of this place that you've seen.
                   A       B       C       D       E      F
               +-------+-------+-------+-------+-------+----------------------
         Total | 100.0 | 100.0 |   0.4 |   1.3 |   9.5 | 279.6
       Dungeon | 100.0 | 100.0 |   0.4 |   1.3 |   9.5 | 279.6
               +-------+-------+-------+-------+-------+----------------------

Table legend:
 A = Kills in this place as a percentage of kills in entire the game.
 B = Kills by you in this place as a percentage of kills by you in the entire game.
 C = Kills by friends in this place as a percentage of kills by friends in the entire game.
 D = Other kills in this place as a percentage of other kills in the entire game.
 E = Experience gained in this place as a percentage of experience gained in the entire game.
 F = Experience gained in this place divided by the number of levels of this place that you have seen.
                   A       B       C       D       E      F
               +-------+-------+-------+-------+-------+----------------------
         Total | 100.0 | 100.0 |  -nan |  -nan | 100.0 | 460.6
       Dungeon | 100.0 | 100.0 |  -nan |  -nan | 100.0 | 460.6
               +-------+-------+-------+-------+-------+----------------------
